AoeStats
← Fty

Arabia

506680284Analyzed
2v2 RM · 19d ago on Sep 14, 2026· 18m 38s· 4 players
Game mode
Random Map
Map size
Medium (4 player)
Population
200
Speed
Normal
Resources
Standard
Victory
Conquest
Starting age
Dark Age
Ending age
Imperial Age
RankedLock teamsTeams togetherTeam positionsShared explorationLock speedFull tech treeHidden civsTurbo modeCheats
Victory
Defeat
🇺🇸 Cumans · United States
1122
+12
🇵🇪 Khmer · Peru
1119
+12
🇹🇷 Maya · Türkiye
1123
-15
🇹🇷 Huns · Türkiye
954
-9
cjblikstad
1:43 Loom
10:40 Feudal Age
11:58 Wheelbarrow
12:14 Town Watch
12:28 Man-at-Arms
13:59 Forging
P_ariss
7:44 Loom
10:09 Feudal Age
10:37 Double-Bit Axe
12:05 Bloodlines
14:24 Scale Barding Armor
Fty
11:40 Feudal Age
10:55 Loom
12:55 Double-Bit Axe
15:52 Forging
16:25 Scale Barding Armor
Lord.Erdali
0:27 Loom
9:08 Feudal Age
13:59 Fletching
Connection lost

Rejoining the realm…

Still unreachable

The connection could not be restored.

Session expired

The server has moved on; the page needs a fresh start.